 Dungeon Crawl Stone Soup version 0.21-a0-578-gc6e9d75 (webtiles) character file.

315 KristoblXynda the Conjurer (level 6, -5/32 HPs)
             Began as a Deep Elf Conjurer on Dec 18, 2017.
             Was an Initiate of Vehumet.
             Slain by a mummy (7 damage)
             ... in an ossuary.
             The game lasted 00:07:03 (3265 turns).

KristoblXynda the Conjurer (Deep Elf Conjurer)      Turns: 3265, Time: 00:07:04

Health: -5/32      AC:  7    Str:  5    XL:     6   Next: 20%
Magic:  2/17       EV: 12    Int: 27    God:    Vehumet [......]
Gold:   205        SH:  0    Dex: 15    Spells: 13/17 levels left

rFire    + + .     SeeInvis .   f - +2 short sword (venom)
rCold    + . .     Gourm    .   (no shield)
rNeg     . . .     Faith    .   d - +2 leather armour {rF+}
rPois    +         Spirit   .   (no helmet)
rElec    +         Reflect  .   j - scarf {repulsion}
rCorr    +         Harm     .   v - +1 pair of gloves
MR       .....                  (no boots)
Stlth    ++........             (no amulet)
HPRegen  0.10/turn              (no ring)
MPRegen  0.15/turn              (no ring)

@: brilliant, resistant, repel missiles
A: no striking features
a: Renounce Religion


You were in an ossuary.
You worshipped Vehumet.
Vehumet was noncommittal.
You were not hungry.

You visited 1 branch of the dungeon, and saw 4 of its levels.
You also visited: Ossuary.

You collected 205 gold pieces.

Inventory:

Hand Weapons
 f - a +2 short sword of venom (weapon)
Armour
 d - a +2 leather armour of fire resistance (worn)
 j - a scarf of repulsion (worn)
 u - a +0 buckler
 v - a +1 pair of gloves (worn)
Scrolls
 e - 2 scrolls of magic mapping
 h - 3 scrolls of teleportation
 t - a scroll of enchant armour
Potions
 i - 2 potions of cancellation
 l - a potion of agility {unknown}
 m - a potion of flight
 o - a potion of heal wounds {unknown}
 s - a potion of mutation
Books
 b - a book of Conjurations

   Spells                             Type                      Level
   a - Magic Dart                     Conjuration                  1
   b - Searing Ray                    Conjuration                  2
   c - Dazzling Spray                 Conjuration/Hexes            3
   d - Fulminant Prism                Conjuration/Hexes            4
   e - Force Lance                    Conjuration/Translocation    4
   f - Iskenderun's Mystic Blast      Conjuration                  4
Comestibles
 c - 6 rations
 w - a chunk of flesh


   Skills:
 - Level 2.0 Short Blades
 - Level 2.4 Dodging
 - Level 2.4 Stealth
 + Level 6.1 Spellcasting
 + Level 6.3 Conjurations


You had 13 spell levels left.
You knew the following spells:

 Your Spells              Type           Power        Failure   Level  Hunger
a - Magic Dart            Conj           ####         1%          1    None
b - Dazzling Spray        Conj/Hex       #####.       1%          3    None


Dungeon Overview and Level Annotations

Branches:
Dungeon (4/15)
 Temple: D:4-7

Altars:
Vehumet
Xom


Message History

The mummy is moderately damaged.
Casting: Dazzling Spray
Confirm with . or Enter, or press ? or * to list all spells.
You don't have enough magic to cast that spell.
Casting: Dazzling Spray
Confirm with . or Enter, or press ? or * to list all spells.
You don't know that spell.
Unknown command.
It was a potion of resistance.
You feel protected.
You hit the mummy.
The mummy is moderately damaged.
You hit the mummy.
The mummy is heavily damaged.
The mummy hits you!
* * * LOW HITPOINT WARNING * * *
You hit the mummy.
The mummy is heavily damaged.
The mummy hits you!
You die...

##.....##
#.......#
#Z......#
#Z.....Z#
#.....# #.#
#Z# ###M###
##..@..##
#.......#
##...∩...##
+...∩∩∩...+
##...∩...##
#.......#
##.....##
###.### #+#


You could see a mummy and a human zombie.

Vanquished Creatures
  A centaur (D:3)
  A centaur zombie (Ossuary)
  An orc wizard (D:3)
  A bullfrog skeleton (D:4)
  Jessica (D:3)
  Terence (D:2)
  An adder (D:3)
  2 worms (D:3)
  A leopard gecko (D:2)
  4 orcs
  2 giant cockroaches
  14 goblins
  8 hobgoblins (D:3)
  10 jackals
  5 quokkas
  5 bats
  2 frilled lizards (D:3)
  6 kobolds
  6 rats
72 creatures vanquished.

Notes
Turn   | Place    | Note
-------+----------+-------------------------------------------
     0 | D:1      | KristoblXynda the Deep Elf Conjurer began the quest for the Orb.
     0 | D:1      | Reached XP level 1. HP: 10/10 MP: 6/6
   664 | D:2      | Reached XP level 2. HP: 14/15 MP: 4/8
  1214 | D:2      | Noticed Terence
  1239 | D:2      | Killed Terence
  1239 | D:2      | Reached skill level 1 in Short Blades
  1239 | D:2      | Reached skill level 5 in Conjurations
  1239 | D:2      | Reached XP level 3. HP: 7/19 MP: 5/10
  1443 | D:2      | Learned a level 3 spell: Dazzling Spray
  1897 | D:3      | Noticed Jessica
  1899 | D:3      | Killed Jessica
  1899 | D:3      | Reached XP level 4. HP: 24/24 MP: 4/12
  2420 | D:3      | Found a radiant altar of Vehumet.
  2439 | D:3      | Became a worshipper of Vehumet
  2678 | D:3      | Noticed a centaur
  2693 | D:3      | Killed a centaur
  2693 | D:3      | Reached skill level 5 in Spellcasting
  2693 | D:3      | Reached XP level 5. HP: 12/28 MP: 4/15
  3179 | D:4      | Found a shimmering altar of Xom.
  3223 | D:4      | Reached XP level 6. HP: 24/32 MP: 11/17
  3236 | D:4      | Found a sand-covered staircase.
  3241 | Ossuary  | Entered an ossuary
  3265 | Ossuary  | Slain by a mummy

Vault maps used:
D:1:      dpeg_arrival_rhombus
D:2:      uniq_terence
D:3:      lemuel_doored_altar, minmay_misc_feat_chi, uniq_jessica, uniq_robin
D:4:      first_ration, enter_ossuary_2, kennysheep_decorative_pillar,
          xom_teletrap_fun
Ossuary:  ossuary_minmay_four_chambers

Skill      XL: |  1  2  3  4  5 |
---------------+----------------+-----
Short Blades   | 1 2 |  2.0
Spellcasting   | 4 5 6 |  6.1
Conjurations   | 5 6 |  6.3
Dodging        | |  2.4
Stealth        | |  2.4

Action                   |  1- 3 |  4- 6 || total
-------------------------+-------+-------++-------
Melee: Short sword       |    21 |    54 ||    75
 Cast: Magic Dart        |    56 |    75 ||   131
       Dazzling Spray    |       |     5 ||     5
  Use: Scroll            |       |    12 ||    12
       Potion            |       |     2 ||     2
 Stab: Sleeping          |     2 |       ||     2
  Eat: Chunk             |     3 |     4 ||     7
Armor: Leather armour    |     8 |    19 ||    27
Dodge: Dodged            |    17 |    35 ||    52
       Deflected         |       |     3 ||     3

Table legend:
 A = Spawn XP
 B = Non-spawn XP
 C = Spawn XP percentage of total XP
 D = Spawn monster count
 E = Non-spawn monster count
 F = Spawn count percentage of total count
 G = Total turns spent on level
                    A         B        C        D         E        F      G
               +---------+---------+-------+---------+---------+-------+---------
         Total |       0 |     451 |   0.0 |       0 |      72 |   0.0 |  3265
               +---------+---------+-------+---------+---------+-------+---------
           D:1 |       0 |       8 |   0.0 |       0 |       5 |   0.0 |   651
           D:2 |       0 |      76 |   0.0 |       0 |      23 |   0.0 |  1151
           D:3 |       0 |     277 |   0.0 |       0 |      38 |   0.0 |  1336
           D:4 |       0 |      47 |   0.0 |       0 |       5 |   0.0 |   103
       Ossuary |       0 |      43 |   0.0 |       0 |       1 |   0.0 |    24
               +---------+---------+-------+---------+---------+-------+---------
